 Dungeon Crawl Stone Soup version 0.24-a0-499-g1074bba3cf (webtiles) character file.

Game seed: 13075454020498159459

17964 vishdafish the Timeless (level 12, -1/86 HPs)
             Began as a Formicid Fighter on July 14, 2019.
             Was a High Priest of Cheibriados.
             Slain by an orc warrior
             ... wielding a +0 trident
             ... led by an orc warlord
              (12 damage)
             ... on level 1 of the Orcish Mines.
             The game lasted 00:31:04 (14205 turns).

vishdafish the Timeless (Formicid Fighter)         Turns: 14205, Time: 00:31:04

Health: -1/86      AC: 13    Str: 42    XL:     12   Next: 89%
Magic:  4/20       EV: 17    Int: 23    God:    Cheibriados [*****.]
Gold:   1222       SH: 15    Dex: 27    Spells: 15/17 levels left

rFire    . . .     SeeInvis +   J - +4 war axe (distort)
rCold    . . .     Gourm    .   c - +0 shield
rNeg     . . .     Faith    .   P - +0 chain mail
rPois    +         Spirit   .   (helmet unavailable)
rElec    .         Reflect  .   e - +0 cloak
rCorr    .         Harm     .   w - +0 pair of gloves
MR       +....                  (no boots)
Stlth    ..........             (no amulet)
HPRegen  0.24/turn              K - ring of poison resistance
MPRegen  0.17/turn              m - +2 ring of intelligence

@: mighty, agile, very slow
A: permanent stasis, dig shafts and tunnels, four strong arms, antennae 3
a: Dig, Shaft Self, Bend Time, Temporal Distortion, Slouch, Step From Time,
Renounce Religion


You were on level 1 of the Orcish Mines.
You worshipped Cheibriados.
Cheibriados was extremely pleased with you.
You were not hungry.

You visited 3 branches of the dungeon, and saw 15 of its levels.
You also visited: Sewer.

You collected 1222 gold pieces.

Inventory:

Hand Weapons
 a - a +0 war axe
 x - a +1 hand axe of freezing
 J - a +4 war axe of distortion (weapon)
 R - a +0 hand crossbow
Missiles
 p - 130 bolts
 u - 60 poisoned darts (quivered)
 z - 8 boomerangs of dispersal
 G - 2 throwing nets
Armour
 b - a +0 scale mail
 c - a +0 shield (worn)
 e - a +0 cloak (worn)
 k - a +1 ring mail of poison resistance
 w - a +0 pair of gloves (worn)
 P - a +0 chain mail (worn)
Jewellery
 h - an uncursed ring of flight
 m - a +2 ring of intelligence (right hand)
 o - an uncursed ring of ice
 K - a ring of poison resistance (left hand)
 V - an uncursed ring of teleportation
Wands
 g - a wand of random effects (67)
 F - a wand of digging (8)
Scrolls
 i - 11 scrolls of teleportation
 n - 4 scrolls of remove curse
 r - 3 scrolls of blinking
 s - 5 scrolls of fear
 y - 5 scrolls of magic mapping
 D - a scroll of vulnerability
 H - 2 scrolls of fog
 L - 2 scrolls of immolation
 O - a scroll of enchant armour
 Q - 3 scrolls of amnesia
Potions
 d - 2 potions of might
 l - a potion of agility
 q - a potion of resistance
 t - a potion of cancellation
 v - 3 potions of haste
 A - 4 potions of degeneration
 C - 5 potions of flight
 E - 4 potions of curing
 I - a potion of ambrosia {unknown}
 M - 2 potions of lignification
 N - 3 potions of experience
 S - a potion of mutation {unknown}
 T - 2 potions of heal wounds {unknown}
Comestibles
 f - 21 rations


   Skills:
 - Level 5.0 Fighting
 + Level 10.7 Axes
 - Level 5.1 Crossbows
 - Level 4.7 Throwing
 + Level 8.7 Armour
 + Level 2.9 Dodging
 + Level 9.4 Shields
 - Level 3.1 Spellcasting
 - Level 3.8 Hexes
 - Level 3.2 Ice Magic
 - Level 11.0 Invocations


You had 15 spell levels left.
You knew the following spells:

 Your Spells              Type           Power        Failure   Level  Hunger
a - Ensorcelled Hibernat  Hex/Ice        ###...       12%         2    ##.....

Your spell library contained the following spells:

 Spells                   Type           Power        Failure   Level  Hunger
 Confusing Touch          Hex            ###...       7%          1    None
 Corona                   Hex            ###....      7%          1    None
 Confuse                  Hex            ###.....     21%         3    ###....
 Tukima's Dance           Hex            ###.....     21%         3    ###....
 Animate Skeleton         Necr           N/A          32%         1    None
 Apportation              Tloc           #.....       32%         1    None
 Summon Small Mammal      Summ           #...         32%         1    None
 Dazzling Spray           Conj/Hex       ##....       41%         3    ###....
 Gell's Gravitas          Tloc           #.........   67%         3    ###....
 Metabolic Englaciation   Hex/Ice        ###.......   91%         5    ######.
 Petrify                  Tmut/Erth      #.......     97%         4    ####...
 Yara's Violent Unravell  Hex/Tmut       ##........   99%         5    ######.


Dungeon Overview and Level Annotations

Branches:
Dungeon (12/15)            Temple (1/1) D:5            Lair (0/6) D:11
    Orc (2/2) D:12
    Elf: Orc:2

Altars:
Ashenzari
Cheibriados
Dithmenos
Fedhas
Gozag
Hepliaklqana
Kikubaaqudgha
Makhleb
Nemelex Xobeh
Okawaru
Qazlal
Sif Muna
Trog
Uskayaw
Vehumet
Wu Jian
Xom
Yredelemnul
Zin
The Shining One
Beogh

Shops:
Orc:1 }*   Orc:2 }

Annotations:
Abyss:1 Harold


Innate Abilities, Weirdness & Mutations

You cannot be hasted, slowed, berserked, paralysed or teleported.
You can dig through walls and to a lower floor.
Your four strong arms can wield two-handed weapons with a shield.
You have a pair of large antennae on your head. (SInv)


Message History

You kill the orc warrior!
Cheibriados thoroughly appreciates the change of pace.
You block the orc warrior's attack.
You slash the orc warrior!
You kill the orc warrior!
Cheibriados appreciates the change of pace.
You block the orc warrior's attack. You block the orc warrior's attack.
The orc warrior hits you with a +0 trident.
* * * LOW HITPOINT WARNING * * *
An orc comes into view. It is wielding a +0 club.
An orc knight comes into view. It is wielding a +0 great mace.
The orc warrior hits you with a +0 trident.
* * * LOW HITPOINT WARNING * * *
You block the orc's attack.
Things that are here:
a +2 hand axe of electrocution; a +0 chain mail The orc shouts!
The orc warrior hits you from afar with a +0 trident!
You die...

.. { ...{.....# ...
#..{...# # #.o. #.$..# ##
.##''#########''## .####
.............o...#
.##.####......#.#.#(#....#
......# .................#
...#..# #................#
..###.###.....oo@.......##
##.#...##.....o)).......#
#....#####.............##
....##.###.....)......##
.#......##..).......###
###..>..##.)........# .#
##.####..#)..#.....##
.##... ###
##....#..#....## ......
#.............# ...#...


You could see an orc knight (wandering), 2 orc warriors and 2 orcs.

Vanquished Creatures
  Erica (D:9)
  4 two-headed ogres
  Pikel (D:8)
  An orc knight (Orc:1)
  An ugly thing (D:11)
  2 cyclopes
  Joseph (D:8)
  A centaur skeleton (D:12)
  2 trolls
  3 hippogriffs
  A yak (D:7)
  2 water elementals (D:11)
  A human (D:7)
  A basilisk (D:12)
  2 wraiths
  3 hogs (D:7)
  4 wargs (Orc:1)
  An acid dragon (D:11)
  3 slaves (D:8)
  A black bear (D:6)
  12 orc warriors
  3 ice beasts
  3 sky beasts
  A necrophage (D:10)
  2 phantoms
  8 ogres
  An eye of draining (D:12)
  11 centaurs
  8 big kobolds
  10 bullfrogs
  2 gnoll sergeants
  2 wyvern zombies
  3 scorpions
  6 killer bees (D:10)
  6 wights
  7 electric eels
  A centaur zombie (D:5)
  4 howler monkeys
  9 crimson imps
  A quasit (D:12)
  Crazy Yiuf (D:7)
  8 hounds
  8 orc priests
  3 jellies
  A bullfrog skeleton (D:7)
  15 orc wizards
  Ijyb (D:5)
  2 iguanas
  A killer bee zombie (D:6)
  2 worker ants
  A hound skeleton (D:6)
  A howler monkey zombie (D:10)
  A worker ant zombie (D:5)
  8 gnolls
  11 adders
  6 shadow imps
  5 oozes
  An adder zombie (D:6)
  5 worms
  A dart slug (D:4)
  13 leopard geckos
  70 orcs
  9 giant cockroaches
  2 gnoll zombies (D:7)
  6 goblins
  7 hobgoblins
  6 jackals
  6 quokkas
  6 ball pythons
  9 bats
  16 frilled lizards
  26 kobolds
  A quokka zombie (D:9)
  9 rats
404 creatures vanquished.

Vanquished Creatures (others)
  A komodo dragon (D:12)
  An orc warrior (D:8)
  An eye of draining (D:10)
  A phantom (D:11)
  A bullfrog (D:6)
  A gnoll sergeant (D:12)
  A crimson imp (D:11)
  An iguana (D:7)
  An orc wizard (D:9)
  A leopard gecko (D:6)
10 creatures vanquished.

Grand Total: 414 creatures vanquished

Notes
Turn   | Place    | Note
-------+----------+-------------------------------------------
     0 | D:1      | vishdafish the Formicid Fighter began the quest for the
                  | Orb.
     0 | D:1      | Reached XP level 1. HP: 18/18 MP: 1/1
    46 | D:1      | Reached XP level 2. HP: 24/24 MP: 2/2
   363 | D:1      | Reached XP level 3. HP: 29/29 MP: 3/3
  1046 | D:2      | Reached XP level 4. HP: 28/37 MP: 4/4
  1735 | D:3      | Found a faded altar of an unknown god.
  1936 | D:3      | Reached skill level 1 in Throwing
  1936 | D:3      | Reached XP level 5. HP: 39/42 MP: 5/5
  2127 | D:3      | Found a glowing drain.
  2168 | Sewer    | Entered a sewer
  2812 | D:4      | Reached XP level 6. HP: 44/48 MP: 6/6
  3111 | D:4      | Noticed an ogre
  3124 | D:4      | Killed an ogre
  3124 | D:4      | Reached XP level 7. HP: 13/54 MP: 7/7
  3803 | D:5      | Entered Level 5 of the Dungeon
  3815 | D:5      | Noticed Ijyb
  3825 | D:5      | Killed Ijyb
  3844 | D:5      | Found a staircase to the Ecumenical Temple.
  3860 | Temple   | Entered the Ecumenical Temple
  3868 | Temple   | Became a worshipper of Cheibriados the Contemplative
  3914 | D:5      | Found a glowing silver altar of Zin.
  3931 | D:4      | Reached skill level 5 in Shields
  3937 | D:4      | Reached XP level 8. HP: 44/61 MP: 8/8
  4053 | D:5      | Reached skill level 5 in Fighting
  4053 | D:5      | Reached skill level 5 in Armour
  4174 | D:5      | Reached skill level 1 in Invocations
  4243 | D:5      | Found a stormy altar of Qazlal.
  4285 | D:5      | Reached skill level 2 in Invocations
  4331 | D:5      | Found a glowing silver altar of Zin.
  4479 | D:5      | Reached skill level 3 in Invocations
  4906 | D:6      | Reached * piety under Cheibriados
  4942 | D:6      | Reached skill level 5 in Axes
  4942 | D:6      | Reached skill level 4 in Invocations
  5065 | D:6      | Found a hazy altar of Hepliaklqana.
  5087 | D:6      | Found an ancient bone altar of Kikubaaqudgha.
  5128 | D:6      | Found a shimmering altar of Xom.
  5129 | D:6      | Noticed a wraith
  5168 | D:7      | Reached skill level 5 in Invocations
  5168 | D:7      | Reached XP level 9. HP: 26/68 MP: 12/12
  5220 | D:7      | Reached skill level 6 in Invocations
  5472 | D:6      | Found a blossoming altar of Fedhas.
  5577 | D:6      | Reached skill level 7 in Invocations
  5844 | D:6      | Reached ** piety under Cheibriados
  5947 | D:6      | Reached skill level 8 in Invocations
  6102 | D:6      | Found a deep blue altar of Sif Muna.
  6193 | D:6      | Found a stormy altar of Qazlal.
  6596 | D:7      | Noticed a hippogriff
  6613 | D:7      | Killed a hippogriff
  6613 | D:7      | Reached skill level 9 in Invocations
  6669 | D:7      | Reached XP level 10. HP: 66/74 MP: 15/17
  6693 | D:7      | Reached *** piety under Cheibriados
  6696 | D:7      | Found an ornate altar of the Wu Jian Council.
  7091 | D:7      | Found a runed translucent door.
  7092 | D:7      | Noticed Crazy Yiuf
  7135 | D:7      | Reached skill level 10 in Invocations
  7137 | D:7      | Killed Crazy Yiuf
  7197 | D:7      | Found a basalt altar of Yredelemnul.
  7488 | D:7      | Reached skill level 11 in Invocations
  7923 | D:8      | Noticed Pikel
  8161 | D:8      | Reached skill level 1 in Crossbows
  8251 | D:8      | Reached **** piety under Cheibriados
  8326 | D:8      | Killed Pikel
  8477 | D:8      | Noticed Joseph
  8483 | D:8      | Killed Joseph
  8776 | D:9      | Noticed Harold
  8785 | D:9      | Found an opulent altar of Gozag.
  8797 | D:9      | Reached XP level 11. HP: 68/79 MP: 19/19
  8802 | D:9      | Banished Harold
  8886 | D:9      | Noticed Erica
  8886 | D:9      | Noticed a two-headed ogre
  8892 | D:9      | Killed Erica
  8925 | D:9      | Killed a two-headed ogre
  8951 | D:9      | Found a shadowy altar of Dithmenos.
  9165 | D:9      | Found a burning altar of Makhleb.
  9177 | D:9      | Found a hide-covered altar of Uskayaw.
  9212 | D:9      | Found a bloodstained altar of Trog.
  9484 | D:10     | Entered Level 10 of the Dungeon
  9592 | D:10     | Noticed a two-headed ogre
  9599 | D:10     | Killed a two-headed ogre
  9599 | D:10     | Reached ***** piety under Cheibriados
  9659 | D:10     | Noticed a two-headed ogre
  9688 | D:10     | Killed a two-headed ogre
  9688 | D:10     | Reached skill level 5 in Crossbows
  9824 | D:10     | Learned a level 2 spell: Ensorcelled Hibernation
 10414 | D:11     | Noticed a cyan ugly thing
 10433 | D:11     | Killed a cyan ugly thing
 10433 | D:11     | Reached skill level 1 in Spellcasting
 10433 | D:11     | Reached skill level 1 in Hexes
 10433 | D:11     | Reached skill level 1 in Ice Magic
 10807 | D:11     | Reached XP level 12. HP: 68/86 MP: 20/20
 12117 | D:11     | Found a staircase to the Lair.
 12125 | D:11     | Reached skill level 10 in Axes
 12804 | D:12     | Found an opulent altar of Gozag.
 12840 | D:12     | Found a staircase to the Orcish Mines.
 12909 | D:12     | Reached skill level 1 in Dodging
 12914 | D:12     | Noticed a two-headed ogre
 13248 | D:12     | Killed a two-headed ogre
 13388 | Orc:1    | Entered Level 1 of the Orcish Mines
 13615 | Orc:2    | Entered Level 2 of the Orcish Mines
 13618 | Orc:2    | Found Suanifur's Gadget Shop.
 13623 | Orc:2    | Found a roughly hewn altar of Beogh.
 13760 | Orc:1    | Found Hudevil's Gadget Boutique.
 13762 | Orc:1    | Found Jauck's Mass Market.
 14150 | Orc:1    | Reached ****** piety under Cheibriados
 14175 | Orc:1    | Noticed an orc warlord
 14205 | Orc:1    | Slain by an orc warrior

Levels and vault maps discovered:
D:1:      nzn_arrival_water_spiral, layout_basic
D:2:      layout_loops_ring, first_ration, minivault_23, glass_columns_a,
          minmay_lizard_king
D:3:      layout_rooms, chequers_ecumenical_altar_simple_redux,
          cheibrodos_sewer_entry_bend
D:4:      layout_loops_ring, minmay_box_of_dots
D:5:      layout_gridville, zin_treasury, minmay_temple_entry_large_hall,
          basic_altar, nicolae_qazlal_eye_of_the_storm, uniq_ijyb
D:6:      layout_loops_corners, led_sif_pool, nicolae_overflow_quartered_altars,
          nicolae_ossuary_entry_plus, xom_confusion_cloud
D:7:      layout_loops_ring, marbit_many_paths, lemuel_zombie_altar_yredelemnul,
          minivault_4, grunt_livestock, minmay_fractal_squares_diagonal_5,
          uniq_crazy_yiuf_cottage
D:8:      layout_loops_ring, uniq_joseph, uniq_pikel
D:9:      layout_loops_ring, old_standard_altar, overflow_temple_1_default,
          gammafunk_temple_overflow_pools, trog_book, uniq_erica, uniq_harold
D:10:     layout_irregular_city
D:11:     layout_long_grid, lair_entry_dummy, kennysheep_boxes
D:12:     layout_basic, kennysheep_orc_monster_closet_entryway,
          grunt_gozag_breadcrumbs
Temple:   eino_temple_lava
Orc:1:    layout_caves, serial_shops, shop, nicolae_orc_stony_grotto,
          minmay_shop_mass, minmay_orc_treasury
Orc:2:    st_orc_open, layout_caves, basic_altar, serial_shops, shop,
          mines2_david

Skill      XL: |  1  2  3  4  5  6  7  8  9 10 11 12 |
---------------+-------------------------------------+-----
Shields        | 4 5 6 8 9 |  9.4
Axes           | 3 4 5 7 8 9 10 | 10.7
Throwing       | 1 3 4 |  4.7
Fighting       | 4 5 |  5.0
Armour         | 4 5 6 7 8 |  8.7
Invocations    | 5 9 11 | 11.0
Crossbows      | 2 5 |  5.1
Spellcasting   | 1 3 |  3.1
Hexes          | 1 3 |  3.8
Ice Magic      | 1 3 |  3.2
Dodging        | 2 |  2.9

Action                   |  1- 3 |  4- 6 |  7- 9 | 10-12 || total
-------------------------+-------+-------+-------+-------++-------
Melee: War axe           |   119 |   279 |   415 |   477 ||  1290
Throw: Dart              |       |     2 |     8 |    77 ||    87
       Throwing net      |       |       |       |     1 ||     1
Invok: Bend Time         |       |       |     3 |     1 ||     4
       Slouch            |       |       |       |     3 ||     3
       Step From Time    |       |       |       |     1 ||     1
 Abil: Evoke Flight      |       |     1 |       |       ||     1
  Use: Scroll            |       |     6 |     3 |    13 ||    22
       Potion            |       |       |     1 |     5 ||     6
  Eat: Chunk             |       |     9 |     6 |     7 ||    22
       Ration            |       |       |     1 |     2 ||     3
Armor: Scale mail        |    52 |   132 |   179 |    32 ||   395
       Chain mail        |       |       |       |   108 ||   108
Dodge: Dodged            |    41 |    99 |   139 |   157 ||   436
Block: Shield            |    76 |   143 |   270 |   345 ||   834

Table legend:
 A = Non-vault XP
 B = Vault XP
 C = Vault XP percentage of total XP
 D = Non-vault monster count
 E = Vault monster count
 F = Vault count percentage of total count
                 A         B        C        D         E       F
            +---------+---------+-------+---------+---------+-------
      Total |   18401 |    7262 |  28.3 |     324 |      86 |  21.0
            +---------+---------+-------+---------+---------+-------
        D:1 |      41 |       0 |   0.0 |      26 |       0 |   0.0
        D:2 |      56 |      11 |  16.4 |      19 |       9 |  32.1
        D:3 |      66 |      10 |  13.2 |      25 |       2 |   7.4
        D:4 |     586 |       0 |   0.0 |      24 |       0 |   0.0
        D:5 |     648 |      36 |   5.3 |      21 |       1 |   4.5
        D:6 |    1080 |     271 |  20.1 |      28 |       4 |  12.5
        D:7 |    1081 |    1646 |  60.4 |      28 |      14 |  33.3
        D:8 |     731 |    1148 |  61.1 |      28 |       2 |   6.7
        D:9 |    2519 |    1659 |  39.7 |      33 |       2 |   5.7
       D:10 |    2802 |       0 |   0.0 |      24 |       0 |   0.0
       D:11 |    2664 |       0 |   0.0 |      25 |       0 |   0.0
       D:12 |    4097 |    1468 |  26.4 |      32 |      20 |  38.5
      Orc:1 |    2030 |     944 |  31.7 |      11 |      10 |  47.6
      Sewer |       0 |      69 | 100.0 |       0 |      22 | 100.0
            +---------+---------+-------+---------+---------+-------
